 Dungeon Crawl Stone Soup version 0.31.0-11-ge490571c62 (webtiles) character file.

Game seed: 6311862563516804248

22 qw the Shooter (level 2, -1/14 HPs)
             Began as a Spriggan Hunter on Feb 3, 2024.
             Slain by a jackal (2 damage)
             ... on level 1 of the Dungeon.
             The game lasted 00:00:01 (198 turns).

qw the Shooter (Spriggan Hunter)                     Turns: 198, Time: 00:00:01

Health: -1/14      AC:  2    Str:  7    XL:     2   Next: 68%
Magic:  3/3        EV: 19    Int: 10    God:
Gold:   14         SH:  0    Dex: 18    Spells: 1/1 levels left

rFire   . . .        a - +0 shortbow
rCold   . . .        (shield currently unavailable)
rNeg    . . .        c - +0 robe
rPois   .            (helmet restricted)
rElec   .            (no cloak)
rCorr   .            (gloves unavailable)
SInv    +            (boots unavailable)
Will    .....        (no amulet)
Stlth   ++           (no ring)
HPRegen 0.22/turn    (no ring)
MPRegen 0.08/turn

%: no passive effects
@: very quick
A: very small, no large weapons, unfitting armour, see invisible, speed 3
a: no special abilities


You were on level 1 of the Dungeon.
You visited 1 branch of the dungeon, and saw 1 of its levels.

You collected 14 gold pieces.


Innate Abilities, Weirdness & Mutations

You are very small and have problems with some larger weapons.
You are too small for most types of armour.
You have supernaturally acute eyesight. (SInv)
You cover ground extremely quickly. (Speed+++)


   Skills:
 - Level 1.5 Fighting
 + Level 4.2 Ranged Weapons
 - Level 4.0 Dodging
 - Level 1.5 Stealth


You had one spell level left.
You didn't know any spells.
Your spell library was empty.

Inventory:

Hand Weapons
 a - a +0 shortbow (weapon)
Armour
 c - a +0 robe (worn)
Scrolls
 b - a scroll of butterflies
Potions
 d - a potion of haste {unknown}
 e - a potion of lignification {unknown}

Dungeon Overview and Level Annotations

Branches:
Dungeon (1/15)

Altars:


Message History

A jackal comes into view. x2
You shoot an arrow. The arrow closely misses the rat.
The jackal barks!
A goblin comes into view. It is wielding a +0 dagger.
You shoot an arrow. The arrow hits the rat.
You kill the rat!
You shoot an arrow. The arrow hits the goblin.
You kill the goblin!
You shoot an arrow. The arrow hits the jackal.
The jackal is severely wounded.
You shoot an arrow. The arrow barely misses the jackal.
A hobgoblin comes into view.
The jackal misses you.
A kobold comes into view. It is wielding a +0 dagger.
You shoot an arrow. The arrow barely misses the jackal.
The arrow hits the jackal.
The jackal is lightly wounded.
The jackal completely misses you. The jackal bites you.
You shoot an arrow. The arrow barely misses the jackal.
The jackal completely misses you. The jackal misses you.
You shoot an arrow. The arrow hits the jackal.
You kill the jackal!
The jackal bites you. The jackal closely misses you.
You shoot an arrow. The arrow barely misses the jackal.
The jackal barely misses you. The jackal completely misses you.
You shoot an arrow. The arrow barely misses the jackal.
The jackal bites you. The hobgoblin completely misses you.
You shoot an arrow. The arrow hits the jackal.
The jackal is severely wounded.
The jackal closely misses you. The jackal misses you.
The kobold hits you with a +0 dagger. The hobgoblin barely misses you.
You shoot an arrow. The arrow closely misses the jackal.
The jackal closely misses you. The hobgoblin misses you.
The kobold hits you but does no damage. The jackal bites you.
You shoot an arrow. The arrow completely misses the jackal.
The jackal bites you but does no damage.
The hobgoblin hits you. The kobold hits you with a +0 dagger.
You shoot an arrow. The arrow barely misses the jackal.
The jackal bites you.
You die...

#.
####..#..##......#.
#..#..........## ###
#..#.........# #
....###..#...#..#...
# #..........#.##. .
####.........# .
#......#### .
###.....##
#g@......#
......Kh.........
..#.#......#..###
.....#)........
.....)..##.#.#.#. #
......### ...#..
.(.... .... .....
...##


You could see a jackal, a hobgoblin and a kobold.

Vanquished Creatures
  4 endoplasms (D:1)
  2 giant cockroaches (D:1)
  3 goblins (D:1)
  A jackal (D:1)
  A kobold (D:1)
  3 ball pythons (D:1)
  2 bats (D:1)
  A frilled lizard (D:1)
  4 rats (D:1)
21 creatures vanquished.

Notes
Turn   | Place    | Note
-------+----------+-------------------------------------------
     0 | D:1      | qw the Spriggan Hunter began the quest for the Orb.
     0 | D:1      | Reached XP level 1. HP: 10/10 MP: 2/2
     0 | D:1      | 0 ||| qw: Version: 0.3-a-158-g18b3111
     0 | D:1      | 0 ||| qw: Game counter: 4164
     0 | D:1      | 0 ||| qw: Melee chars always use a shield: true
     0 | D:1      | 0 ||| qw: God list: Okawaru
     0 | D:1      | 0 ||| qw: Allow faded altars: false
     0 | D:1      | 0 ||| qw: Do Orc after clearing Dungeon:15 true
     0 | D:1      | 0 ||| qw: Do second Lair branch before Depths: true
     0 | D:1      | 0 ||| qw: Lair rune preference: random
     0 | D:1      | 0 ||| qw: Goals: Normal
     0 | D:1      | 0 ||| PLANNING D:1-11
     9 | D:1      | Reached skill level 3 in Dodging
    28 | D:1      | 28 ||| DROPPING +2 sling of draining.
    79 | D:1      | Reached XP level 2. HP: 14/14 MP: 3/3
    93 | D:1      | HP: 3/14 [frozen (4)]
   197 | D:1      | HP: 1/14 [kobold/+0 dagger (3)]
   198 | D:1      | Slain by a jackal

Levels and vault maps discovered:
D:1:      lightli_arrival_statuegarden, layout_rooms

Skill      XL: |  1  2 |
---------------+-------+-----
Dodging        | 3 4 |  4.0
Fighting       | |  1.5
Ranged Weapons | |  4.2
Stealth        | |  1.5

Action                     || total
---------------------------++-------
   Fire: Shortbow          ||    58
 Armour: Robe              ||    18
  Dodge: Dodged            ||    37

Table legend:
 A = Non-vault XP
 B = Vault XP
 C = Vault XP percentage of total XP
 D = Non-vault monster count
 E = Vault monster count
 F = Vault count percentage of total count
                 A         B        C        D         E       F
            +---------+---------+-------+---------+---------+-------
      Total |      32 |       0 |   0.0 |      21 |       0 |   0.0
            +---------+---------+-------+---------+---------+-------
        D:1 |      32 |       0 |   0.0 |      21 |       0 |   0.0
            +---------+---------+-------+---------+---------+-------
